[Event "*** Titled Tuesday 3|2 Blitz"]
[Site "Chess.com"]
[Date "2016.03.01"]
[Round "7"]
[White "spectralsoul"]
[Black "hermionegrangermagic"]
[Result "1-0"]
[WhiteElo "2539"]
[BlackElo "2312"]
[TimeControl "180+2"]
[EndTime "18:28:31 PST"]
[Termination "spectralsoul won by checkmate"]

1. e4 c5 2. Nf3 Nc6 3. Bb5 d6 4. O-O Bd7 5. Re1 Nf6 6. h3 Ne5 7. Bf1 g6 8. c3 Bg7 9. Nh2 Nc6 10. d4 cxd4 11. cxd4 e5 12. Nf3 O-O 13. Nc3 exd4 14.
Nxd4 Nxd4 15. Qxd4 Bc6 16. Qb4 Re8 17. Bg5 Qd7 18.
Rad1 h6 19. Rxd6 Qe7 20. Bh4 Rad8 21. Bg3 Bf8 22. Red1 Bxe4 23. Qd4 Rxd6 24. Bxd6 Qe6 25. Bxf8 Kxf8 26. Qxa7 Bc6 27. Qc5+ Kg7 28. Qd4 Qe7 29. Rd2 Kh7 30. Re2 Qd8 31. Qf4 Rxe2 32. Bxe2 Kg7 33.
Bc4 Qb6 34. Bb3 Qd8 35. Qe3 Qd7 36. Qe5 Qd8 37. Kh2 Be8 38. Nd5 Bc6 39. Ne7 Be8 40.
Bd5 Qd7 41. Bf3 b5 42. Nd5 Qe6 43. Qc3 Bd7 44. Kg1 Qd6 45. Nxf6 Qxf6 46. Qxf6+ Kxf6 47. a3 Ke5 48. Kf1 Kd4 49. Ke2 Be6 50. Kd2 Kc4 51.
Be2+ Kc5 52. Kc3 Bd5 53. f3 Be6 54. b4+ Kc6 55. Kd4 f6 56. h4 g5 57. h5 Bf7 58.
g4 Bb3 59. Bd3 Bd1 60. Ke4 Bb3 61. Kf5 Bd1 62. Be4+ Kd6 63. Kxf6 Bb3 64. Kg7 Ke5 65. Kxh6 Kf6 66. Bd3 Bd5 67. Bxb5 Bxf3 68. Bd7 Ke7 69. Bf5 Kf6 70. b5 Be2 71. a4 Bd1 72. a5 Be2 73.
b6 Ba6 74. Be4 Ke5 75. b7 Bxb7 76. Bxb7 Kf6 77. a6 Kf7 78. Kxg5 Kg8 79. Kf6 Kh7 80.
g5 Kg8 81. a7 Kh7 82. Be4+ Kg8 83. g6 Kh8 84. h6 Kg8 85. a8=Q# 1-0

[Event "*** Titled Tuesday 3|2 Blitz"]
[Site "Chess.com"]
[Date "2016.03.01"]
[Round "8"]
[White "LADIESGET2KNOWME"]
[Black "Goala"]
[Result "1-0"]
[WhiteElo "2378"]
[BlackElo "2233"]
[TimeControl "180+2"]
[EndTime "18:30:24 PST"]
[Termination "LADIESGET2KNOWME won by resignation"]

1. d4 e6 2. e4 d5 3. Nc3 Nf6 4. Bg5 Be7 5. e5 Nfd7 6. h4 O-O 7. Bd3 c5 8. Nh3 cxd4 9. Bxe7 Qxe7 10. Bxh7+ Kxh7 11. Qh5+ Kg8 12. Ng5 1-0

[Event "*** Titled Tuesday 3|2 Blitz"]
[Site "Chess.com"]
[Date "2016.03.01"]
[Round "8"]
[White "GM_Huschenbeth"]
[Black "spectralsoul"]
[Result "1-0"]
[WhiteElo "2449"]
[BlackElo "2529"]
[TimeControl "180+2"]
[EndTime "18:35:07 PST"]
[Termination "GM_Huschenbeth won by resignation"]

1. e4 e5 2. Nc3 Nc6 3. f4 d6 4. Nf3 Be7 5. Bc4 Nf6 6. O-O O-O 7.
d3 exf4 8. Bxf4 Be6 9. Nd5 Bxd5 10. exd5 Nb4 11. Nd4 Nbxd5 12. Nf5 Nxf4 13. Rxf4 d5 14.
Bb3 Bd6 15. Rf1 c6 16. Qf3 Qc7 17. Nxg7 Bxh2+ 18. Kh1 Be5 19. Nf5 Bxb2 20. Rab1 Qe5 21.
Rxb2 Kh8 22. Rbb1 Rg8 23. Rbe1 Qc3 24. Nd6 Rg6 25. Nxf7+ Kg7 26. Re7 Kf8 27. Rxb7 Qd4 28. Qf4 1-0

[Event "*** Titled Tuesday 3|2 Blitz"]
[Site "Chess.com"]
[Date "2016.03.01"]
[Round "8"]
[White "tigra"]
[Black "Kawhi_Leonard2"]
[Result "1-0"]
[WhiteElo "2411"]
[BlackElo "2096"]
[TimeControl "180+2"]
[EndTime "18:35:12 PST"]
[Termination "tigra won by resignation"]

1. e4 c5 2. Nf3 d6 3. d4 cxd4 4.
Nxd4 Nf6 5. Nc3 g6 6. Be3 Bg7 7.
f3 O-O 8. Bc4 Nc6 9. Qd2 Bd7 10.
O-O-O Rc8 11. Be2 Ne5 12. g4 Nc4 13. Bxc4 Rxc4 14. h4 h5 15. gxh5 Nxh5 16. Rhg1 b5 17. Ndxb5 Bxb5 18. Nxb5 Qb8 19. Nd4 Rfc8 20. Kb1 a5 21.
Rc1 a4 22. c3 Qb7 23. Ne2 Rb8 24. Nf4 Nxf4 25. Bxf4 Rc5 26. Rg5 Qb5 27. Be3 Rxg5 28.
hxg5 Qc4 29. a3 Qb3 30. Ka1 Rc8 31. Bd4 Bxd4 32. Qxd4 Rc4 33. Qd2 Qb5 34. Rh1 Qe5 35. f4 Qg7 36. e5 Rc8 37. exd6 exd6 38. Qxd6 1-0

[Event "*** Titled Tuesday 3|2 Blitz"]
[Site "Chess.com"]
[Date "2016.03.01"]
[Round "8"]
[White "hermionegrangermagic"]
[Black "Quiet_Desperation"]
[Result "1/2-1/2"]
[WhiteElo "2311"]
[BlackElo "2252"]
[TimeControl "180+2"]
[EndTime "18:35:15 PST"]
[Termination "Game drawn by repetition"]

1. e4 e6 2. d4 d5 3. Nc3 Nf6 4. e5 Nfd7 5. f4 a6 6. Nf3 c5 7. Be3 Nc6 8. Qd2 Be7 9. O-O-O c4 10. f5 b5 11. fxe6 fxe6 12. Ng5 Nb6 13. h4 b4 14.
Ne2 c3 15. Qd3 Nc4 16. Bf4 Qa5 17. Kb1 cxb2 18. Nxh7 Na3+ 19. Kxb2 Nc4+ 20. Kb1 Qa3 21. Qg6+ Kd8 22. Bc1 Qa4 23. Nf4 Bd7 24. Bxc4 dxc4 25. d5 b3 26. cxb3 cxb3 27. axb3 Qxb3+ 28. Bb2 exd5 29. Rxd5 Nb4 30. Qb6+ Ke8 31. Qg6+ Kd8 32. Qb6+ Ke8 33. Qg6+ Kd8 1/2-1/2

[Event "*** Titled Tuesday 3|2 Blitz"]
[Site "Chess.com"]
[Date "2016.03.01"]
[Round "8"]
[White "thegreendog"]
[Black "chesstatour"]
[Result "1-0"]
[WhiteElo "2216"]
[BlackElo "1985"]
[TimeControl "180+2"]
[EndTime "18:35:20 PST"]
[Termination "thegreendog won by resignation"]

1. d4 Nf6 2. Nf3 e6 3. Bg5 Be7 4. Nbd2 d5 5. e3 O-O 6. Bd3 h6 7. Bf4 c5 8. c3 Nc6 9. Ne5 Qe8 10. h4 b6 11. g4 Nxe5 12. dxe5 Nd7 13. g5 c4 14. Bb1 Nc5 15. gxh6 g6 16. h7+ Kh8 17. h5 g5 18. Bg3 f5 19. exf6 Bxf6 20. Bc2 e5 21. b4 Nd3+ 22. Bxd3 cxd3 23. Qb3 Ba6 24. a4 Rd8 25. b5 Bb7 26. a5 d4 27. Rh2 dxc3 28. Qxc3 e4 29. Qa3 Qe7 30. Qxe7 Bxe7 31. axb6 axb6 32. Ra7 Bb4 33. Rxb7 Ra8 34. Be5+ 1-0

[Event "*** Titled Tuesday 3|2 Blitz"]
[Site "Chess.com"]
[Date "2016.03.01"]
[Round "8"]
[White "Shivagami"]
[Black "Rating-Schmating"]
[Result "1-0"]
[WhiteElo "1860"]
[BlackElo "2237"]
[TimeControl "180+2"]
[EndTime "18:35:30 PST"]
[Termination "Shivagami won by checkmate"]

1. e4 e6 2. d4 d5 3. e5 c5 4. c3 Nc6 5. Nf3 Qb6 6. Bd3 Bd7 7. Bc2 Rc8 8. O-O Nge7 9. dxc5 Qxc5 10. Be3 Qa5 11. Nbd2 Ng6 12. Nb3 Qc7 13. Re1 Ngxe5 14. Nxe5 Nxe5 15. Bf4 Bd6 16. Qh5 g6 17. Qe2 Nc4 18.
Bxd6 Nxd6 19. Qe5 O-O 20. Nd4 Nf5 21. Nxf5 gxf5 22. Qf6 Qf4 23. Re3 Rfd8 24. Rf3 Qd6 25.
Re1 Kf8 26. Bxf5 Ke8 27. Rg3 Bb5 28. Bxe6 fxe6 29. Rxe6+ Kd7 30. Rxd6+ Kc7 31. Rg7+ Rd7 32. Rdxd7+ Bxd7 33. Qe6 Rd8 34. Qxd5 Kc8 35. Rxh7 Bc6 36.
Qe6+ Kb8 37. h4 Rg8 38. Qxg8+ Be8 39. Qxe8# 1-0

[Event "*** Titled Tuesday 3|2 Blitz"]
[Site "Chess.com"]
[Date "2016.03.01"]
[Round "8"]
[White "gumersindo"]
[Black "TheMagician"]
[Result "1/2-1/2"]
[WhiteElo "2325"]
[BlackElo "2168"]
[TimeControl "180+2"]
[EndTime "18:35:40 PST"]
[Termination "Game drawn - insufficient material"]

1. d4 Nf6 2. c4 c5 3. d5 e5 4.
Nc3 d6 5. e4 Be7 6. Be3 Ng4 7.
Bd2 Bg5 8. Bxg5 Qxg5 9. Nf3 Qd8 10. Bd3 O-O 11. Qc2 Na6 12. a3 Nc7 13. O-O Ne8 14.
b4 g6 15. bxc5 dxc5 16. h3 Ngf6 17. Nxe5 Nh5 18. f4 Nxf4 19. Rxf4 Qg5 20. Nxg6 hxg6 21. Raf1 Bxh3 22. Qf2 Nd6 23. Nb5 Nxb5 24. Rxf7 Rxf7 25. Qxf7+ Kh8 26. Qf6+ Qxf6 27. Rxf6 Kg7 28. Rf2 Nxa3 29. gxh3 b5 30. cxb5 c4 31. Bf1 Re8 32. Ra2 Nxb5 33. Bxc4 Nd6 34. Rxa7+ Kh6 35. Bd3 Nxe4 36. Bxe4 Rxe4 37.
d6 Re2 38. d7 Rd2 39. Kf1 Kg5 40. Ke1 Rd6 41. Ke2 Kh4 42. Ke3 g5 43. Ke4 Kxh3 44. Ke5 Rd1 45. Ke6 g4 46. Ra5 Rxd7 47. Kxd7 g3 48.
Rh5+ Kg2 49. Ke6 Kf2 50. Rf5+ Ke2 51. Ke5 g2 52. Rg5 Kf2 53. Kf4 g1=Q 54. Rxg1 Kxg1 1/2-1/2

[Event "*** Titled Tuesday 3|2 Blitz"]
[Site "Chess.com"]
[Date "2016.03.01"]
[Round "8"]
[White "djgwards"]
[Black "evgenyermolaev"]
[Result "0-1"]
[WhiteElo "2246"]
[BlackElo "2123"]
[TimeControl "180+2"]
[EndTime "18:36:17 PST"]
[Termination "evgenyermolaev won by resignation"]

1. d4 Nf6 2. Nf3 c5 3. g3 cxd4 4. Nxd4 Nc6 5. Bg2 g6 6. O-O Bg7 7. Nb3 O-O 8. c4 d6 9. Nc3 Be6 10. c5 d5 11. Be3 Ng4 12. Nxd5 Bxd5 13. Qxd5 Nxe3 14. fxe3 Bxb2 15. Rab1 Bg7 16. Rfd1 Qc7 17. Nd4 Rfd8 18. Qc4 Qe5 19. Nxc6 Qxe3+ 20. Kh1 bxc6 21.
Rf1 e6 22. Rb7 Rf8 23. Bxc6 Rac8 24. Qa4 Qxe2 25. Bg2 Rxc5 26. Qxa7 Rc2 27. Rg1 Rxa2 28. Qb6 Rb2 29. Qa7 Ra2 30. Qb6 Qd2 31. Qb4 Bc3 32. Qf4 Qxf4 33. gxf4 Rd8 34. Rf1 Rdd2 35. Rg1 Bd4 36.
Rb8+ Kg7 0-1

[Event "*** Titled Tuesday 3|2 Blitz"]
[Site "Chess.com"]
[Date "2016.03.01"]
[Round "8"]
[White "chessking2151"]
[Black "kikydu96"]
[Result "0-1"]
[WhiteElo "2301"]
[BlackElo "2279"]
[TimeControl "180+2"]
[EndTime "18:36:20 PST"]
[Termination "kikydu96 won by resignation"]

1. e4 e5 2. Nf3 Nc6 3. Bb5 a6 4. Ba4 Nf6 5. d3 d6 6. O-O g6 7. c3 Bg7 8. Nbd2 O-O 9. Re1 b5 10. Bc2 Bb7 11. Nf1 Re8 12. h3 Nb8 13. a4 Nbd7 14. Ng3 h6 15. Nh2 d5 16. Qe2 c5 17. Ng4 Nxg4 18. hxg4 Qh4 19. Nf1 Nf6 20. f3 h5 21. g3 Qh3 22. g5 Nh7 23. Be3 d4 24.
cxd4 exd4 25. Bd2 h4 26. g4 c4 27. Rad1 Be5 28. f4 Bd6 29. Bc1 f5 30. gxf5 gxf5 31.
Nd2 Bxf4 32. Nf3 Qg3+ 33. Kf1 Nxg5 34. Nxg5 Bxg5 35. Bxg5 fxe4 36. dxe4 Rf8+ 0-1

[Event "*** Titled Tuesday 3|2 Blitz"]
[Site "Chess.com"]
[Date "2016.03.01"]
[Round "8"]
[White "GrigorGrigorov"]
[Black "vellottiwizard"]
[Result "1-0"]
[WhiteElo "2555"]
[BlackElo "2457"]
[TimeControl "180+2"]
[EndTime "18:36:28 PST"]
[Termination "GrigorGrigorov won by resignation"]

1. d4 Nf6 2. Nf3 e6 3. c4 b6 4. g3 Bb7 5. Bg2 Be7 6. O-O O-O 7. Nc3 Ne4 8. Qc2 Nxc3 9. Qxc3 d6 10. Qc2 Qc8 11. e4 Nd7 12. Re1 a6 13. h4 b5 14. b3 c5 15. d5 Bf6 16. Rb1 Qc7 17.
Bh3 exd5 18. exd5 Rfe8 19. Bf4 Nb6 20. Bf5 g6 21. Bd3 Qd7 22. Kg2 Rxe1 23. Rxe1 a5 24. h5 Rf8 25. Ng5 Bxg5 26. Bxg5 Re8 27. Qd2 Rxe1 28.
Qxe1 f6 29. Bxf6 Qf7 30. Qe7 Qxe7 31. Bxe7 bxc4 32. bxc4 Ba6 33. Bxd6 Bxc4 34. Bxc4 Nxc4 35. Bxc5 Kf7 36. hxg6+ hxg6 37. Kf3 Kf6 38. Ke4 Nd2+ 39. Kd3 Nf3 40. Kc4 Nd2+ 41. Kb5 Ne4 42. Kc6 1-0

[Event "*** Titled Tuesday 3|2 Blitz"]
[Site "Chess.com"]
[Date "2016.03.01"]
[Round "8"]
[White "GianmarcoVaR"]
[Black "Fins0905"]
[Result "0-1"]
[WhiteElo "2366"]
[BlackElo "2463"]
[TimeControl "180+2"]
[EndTime "18:36:57 PST"]
[Termination "Fins0905 won by checkmate"]

1. d4 d5 2. Nf3 Nf6 3. c4 c6 4.
e3 Bf5 5. Nc3 e6 6. Nh4 Be4 7. f3 Bg6 8. Qb3 Qc7 9. Bd2 Be7 10.
Rc1 dxc4 11. Bxc4 Ne4 12. Nxe4 Bxh4+ 13. g3 Be7 14. O-O Nd7 15. Bb4 Nb6 16. Bxe7 Qxe7 17.
Nc5 O-O 18. f4 Rab8 19. Be2 Nc8 20. Rfd1 Nd6 21. Bf3 h5 22. Kg2 Rbc8 23. Qa4 b6 24. Nd3 Be4 25. Bxe4 Nxe4 26. Rxc6 Qb7 27. Rdc1 Nc5 28. dxc5 Rxc6 29. Kf2 bxc5 30. b3 Rd6 31. Rc3 Rfd8 32. Qc4 Qh1 33. h4 Qh2+ 34. Kf3 Qd2 35. Nxc5 Qd1+ 36. Qe2 Qh1+ 37. Qg2 Qa1 38. Rc2 Rd1 39. Ne4 Rf1+ 40. Ke2 Qd1# 0-1

[Event "*** Titled Tuesday 3|2 Blitz"]
[Site "Chess.com"]
[Date "2016.03.01"]
[Round "8"]
[White "jcibarra"]
[Black "MinhGTrAn"]
[Result "1-0"]
[WhiteElo "2515"]
[BlackElo "2649"]
[TimeControl "180+2"]
[EndTime "18:37:32 PST"]
[Termination "jcibarra won by resignation"]

1. e4 c5 2. Nf3 d6 3. d4 cxd4 4. Nxd4 Nf6 5. Nc3 a6 6. Be3 e5 7. Nf3 Be7 8. Bc4 Be6 9. Bxe6 fxe6 10. Ng5 Qd7 11. Qf3 Nc6 12. Qh3 Nd8 13. Bb6 Rc8 14.
Rd1 Rc6 15. Bxd8 Bxd8 16. O-O Ke7 17. f4 Bb6+ 18. Kh1 Bd4 19. Ne2 Rxc2 20. Nxd4 exd4 21. Rxd4 h5 22. e5 Ng4 23. Qb3 Qb5 24. Qxe6+ Kd8 25. Rdd1 Re8 26. Nf7+ Kc7 27. Qxd6+ Kc8 28. e6 Qc6 29. Qd7+ Kb8 30. Qxc6 bxc6 31. Rde1 Kc7 32. h3 Nf2+ 33. Kg1 Nd3 34. Re3 Nc5 35.
f5 Rxb2 36. Rg3 Rg8 37. Nh6 Ne4 38. Rg6 Rh8 39. Rxg7+ Kd6 40. Nf7+ Kc5 41. Nxh8 1-0

[Event "*** Titled Tuesday 3|2 Blitz"]
[Site "Chess.com"]
[Date "2016.03.01"]
[Round "8"]
[White "FairChess_on_YouTube"]
[Black "SenseiJulio"]
[Result "1-0"]
[WhiteElo "2757"]
[BlackElo "2606"]
[TimeControl "180+2"]
[EndTime "18:37:41 PST"]
[Termination "FairChess_on_YouTube won by resignation"]

1. d4 e6 2. Nf3 Nf6 3. Bg5 h6 4. Bh4 d6 5. e3 g5 6. Bg3 Bg7 7. Nbd2 Nbd7 8. h3 Qe7 9. Bd3 b6 10. Qe2 Bb7 11. e4 Nh5 12. Bh2 a6 13. c3 O-O 14.
O-O-O c5 15. e5 dxe5 16. dxe5 b5 17. Be4 Bd5 18. h4 g4 19. Ne1 Qxh4 20. Nd3 Qg5 21. f4 gxf3 22. gxf3 c4 23. Nb4 Bxe4 24. Qxe4 Nc5 25.
Qd4 Rac8 26. Rdg1 Qf5 27. Qg4 Kh7 28. Qxf5+ exf5 29. e6 a5 30. e7 Rfe8 31. Nd5 Nf6 32. Rxg7+ Kxg7 33. Rg1+ Ng4 34. fxg4 Nd3+ 35. Kc2 f4 36.
Ne4 f3 37. Rf1 b4 38. Nef6 Rh8 39. Bd6 bxc3 40. Kxc3 Rc6 41. e8=Q Rxe8 42. Nxe8+ Kg6 43. Rxf3 Nc1 44. Rf6+ Kg5 45. Bf4+ 1-0

[Event "*** Titled Tuesday 3|2 Blitz"]
[Site "Chess.com"]
[Date "2016.03.01"]
[Round "8"]
[White "Iwannabetheguy"]
[Black "yopino"]
[Result "1-0"]
[WhiteElo "2014"]
[BlackElo "2148"]
[TimeControl "180+2"]
[EndTime "18:37:42 PST"]
[Termination "Iwannabetheguy won by resignation"]

1. e4 c5 2. Nf3 g6 3. d4 cxd4 4.
Nxd4 Nc6 5. Nc3 Bg7 6. Be3 Nf6 7. Bc4 O-O 8. Bb3 a5 9. O-O Nxd4 10. Bxd4 d6 11. e5 dxe5 12. Bxe5 Bd7 13. a4 Bc6 14. Nb5 Bxb5 15. axb5 Qb6 16. c4 Ne4 17. Bxg7 Kxg7 18. Qf3 Nc5 19. Rad1 Qf6 20. Qxf6+ Kxf6 21. Bc2 Rfd8 22.
f4 b6 23. Kf2 Rac8 24. Ke3 Ne6 25. b3 Rxd1 26. Rxd1 Rd8 27. g4 Rxd1 28. Bxd1 Nc5 29.
Bc2 Ke6 30. h4 Kd6 31. Kd4 Ne6+ 32. Ke4 Kc5 33. f5 Nc7 34. fxg6 fxg6 35. Ke5 Kb4 36.
h5 Kc3 37. Bd1 Kd2 38. Bf3 Kc3 39. Bd1 Kd2 40. Bf3 Ke3 41. Bd1 Kd3 42. hxg6 hxg6 43. g5 Kd2 44. Bf3 Ke3 45. Be4 Ne8 46. Bxg6 Ng7 47.
Bc2 Kd2 48. Be4 Kc3 49. c5 Kxb3 50. cxb6 a4 51. b7 a3 52. b8=Q a2 53. Bd5+ 1-0

[Event "*** Titled Tuesday 3|2 Blitz"]
[Site "Chess.com"]
[Date "2016.03.01"]
[Round "8"]
[White "Recombinant"]
[Black "ethylalcohol"]
[Result "1-0"]
[WhiteElo "2206"]
[BlackElo "1778"]
[TimeControl "180+2"]
[EndTime "18:37:46 PST"]
[Termination "Recombinant won on time"]

1. d4 d5 2. c4 e6 3. Nc3 Nf6 4. Bg5 Nbd7 5. e3 c6 6. Bd3 Qa5 7. cxd5 Nxd5 8. Nf3 Nxc3 9. bxc3 Qxc3+ 10. Kf1 Ba3 11.
h3 O-O 12. Kg1 h6 13. Bf4 c5 14. Rb1 c4 15. Be2 Nb6 16. Nd2 Bd7 17. Ne4 Qa5 18. Qc2 Ba4 19. Qd2 Qf5 20. Bf3 Bc6 21. Nc3 Bxf3 22.
gxf3 Rad8 23. Kh2 e5 24. Bg3 exd4 25. exd4 Qxf3 26. Nb5 Bc5 27. Qe3 Qxe3 28. fxe3 Be7 29. Nxa7 Nd5 30. Rhe1 Bb4 31. Rg1 Ra8 32. e4 Rxa7 33.
exd5 Rxa2+ 34. Kh1 Bd2 35. Rxb7 c3 36. Be5 g6 37. Rxg6+ fxg6 38. Rg7+ Kh8 39. Rxg6+ Kh7 40. Rg7+ Kh8 41. Ra7+ Kg8 42. Rxa2 1-0

[Event "*** Titled Tuesday 3|2 Blitz"]
[Site "Chess.com"]
[Date "2016.03.01"]
[Round "8"]
[White "DanielNaroditsky"]
[Black "dretch"]
[Result "1/2-1/2"]
[WhiteElo "2610"]
[BlackElo "2585"]
[TimeControl "180+2"]
[EndTime "18:37:57 PST"]
[Termination "Game drawn by repetition"]

1. b3 d5 2. Bb2 Bg4 3. g3 Nd7 4. Bg2 c6 5. Nf3 e6 6. O-O Ngf6 7. d3 Be7 8. Nbd2 O-O 9. e4 a5 10. a3 Ne8 11. Qe2 Nc7 12. Qe3 Re8 13. Qd4 e5 14.
Qe3 Bc5 15. Qe2 Nb5 16. h3 Bh5 17. g4 Bg6 18. a4 Nd6 19. Rfe1 Rc8 20. Kh1 Qb6 21.
Rf1 Rcd8 22. Nh4 dxe4 23. dxe4 Nf8 24. Nf5 Qc7 25. f4 Bxf5 26. gxf5 Nd7 27. Rad1 f6 28.
Nc4 exf4 29. Rxf4 Nxc4 30. Qxc4+ Kh8 31. Rg4 Bf8 32. Qf7 Re7 33. Qh5 Ne5 34. Rxd8 Qxd8 35. Rh4 h6 36. Bc1 Rd7 37. Bf4 Rd1+ 38. Kh2 Bc5 39. Bxh6 Bg1+ 40. Kg3 Kg8 41. Bxg7 Bf2+ 42. Kxf2 Qd4+ 43. Kg3 Qe3+ 44. Kh2 Qg1+ 45. Kg3 Qe3+ 46. Kh2 Qg1+ 47. Kg3 Qe3+ 48. Kh2 Qg1+ 49. Kg3 Qe3+ 1/2-1/2

[Event "*** Titled Tuesday 3|2 Blitz"]
[Site "Chess.com"]
[Date "2016.03.01"]
[Round "8"]
[White "AlexanderL"]
[Black "chessdude"]
[Result "1/2-1/2"]
[WhiteElo "2571"]
[BlackElo "2402"]
[TimeControl "180+2"]
[EndTime "18:38:05 PST"]
[Termination "Game drawn by agreement"]

1. d4 d5 2. c4 c6 3. cxd5 cxd5 4. Bf4 Nf6 5. e3 Nc6 6. Nc3 Bf5 7. Qb3 Na5 8. Qa4+ Bd7 9. Qc2 Rc8 10. Bd3 b5 11. a3 e6 12. Nf3 Be7 13. O-O O-O 14. Rfc1 Nc4 15. Ne5 Be8 16. Qe2 Nd7 17. Nf3 Ndb6 18.
Rc2 a6 19. Rac1 Bd7 20. Nb1 Nd6 21. Nbd2 Nbc4 22. Nb3 Ne4 23. Ne5 Nxe5 24. dxe5 Qb6 25.
Rxc8 Rxc8 26. Rxc8+ Bxc8 27. Qc2 Bb7 28. h3 h6 29. Kf1 Qc6 30. Qxc6 Bxc6 31. Nd4 Bd7 32.
Ke2 Nc5 33. Bc2 Na4 34. Bxa4 bxa4 35. Kd2 Bc5 36. Kc3 Bxd4+ 37. Kxd4 Bb5 38. h4 h5 39. Kc5 Bf1 40. Kb4 Bb5 41. f3 Kf8 42. Bg5 Ke8 43.
g4 g6 44. Kc5 Kd7 45. gxh5 gxh5 46. f4 Be2 47. Bh6 Bf1 48. Bf8 Be2 49. Bd6 Bf1 50. Kb4 Bb5 51. Kc5 Bf1 52. Bb8 Be2 53. Ba7 Bf1 54. Bb6 Be2 55. Ba5 Bf1 56. Be1 Be2 57. Bd2 Bf1 58. Bc3 Be2 59. Ba5 Bf1 60. Bd2 Be2 61.
Be1 Bf1 62. Bf2 Be2 63. Kb4 Bb5 64. Kc3 Kc6 65. Kd4 Bf1 66. Be1 Be2 67. Bb4 Bf1 68.
Bc3 Be2 1/2-1/2

[Event "*** Titled Tuesday 3|2 Blitz"]
[Site "Chess.com"]
[Date "2016.03.01"]
[Round "8"]
[White "Hikaru"]
[Black "maciek_92"]
[Result "1-0"]
[WhiteElo "2868"]
[BlackElo "2475"]
[TimeControl "180+2"]
[EndTime "18:38:11 PST"]
[Termination "Hikaru won by resignation"]

1. g3 Nf6 2. Bg2 c5 3. e4 Nc6 4.
c4 g6 5. Nc3 Bg7 6. Nge2 O-O 7.
O-O Ne8 8. a3 Nc7 9. b4 d6 10.
Rb1 Ne6 11. d3 Rb8 12. Be3 b6 13. Qd2 Ned4 14. Bh6 e5 15. Bxg7 Kxg7 16. f4 f6 17. b5 Nxe2+ 18. Nxe2 Nd4 19. Nxd4 cxd4 20. a4 Be6 21. a5 Qc7 22. Ra1 Rf7 23. f5 Bc8 24. h4 Qc5 25. g4 gxf5 26. gxf5 Qc7 27. Kh2 Bb7 28. Bf3 Kh8 29. a6 Bc8 30. Rg1 Qe7 31. Rg2 Rg7 32. Rxg7 Qxg7 33. Rg1 Qf8 34. h5 Bd7 35. h6 Be8 36. Rg7 Bf7 37. Qg2 Rc8 38. Qg4 Ra8 39. Qh4 Bg8 40. Bh5 Qd8 41. Qg3 Qf8 42. Qh4 Qd8 43. Bf7 Bxf7 44. Rxf7 Rc8 45.
Rxa7 Qf8 46. Rd7 Ra8 47. a7 Kg8 48. Qg4+ Kh8 49. Qg7+ Qxg7 50. hxg7+ Kg8 51. Rb7 1-0

[Event "*** Titled Tuesday 3|2 Blitz"]
[Site "Chess.com"]
[Date "2016.03.01"]
[Round "8"]
[White "Gau_truc_lon"]
[Black "jk13"]
[Result "0-1"]
[WhiteElo "2159"]
[BlackElo "2423"]
[TimeControl "180+2"]
[EndTime "18:38:30 PST"]
[Termination "jk13 won by resignation"]

1. d4 Nf6 2. c4 e6 3. Nc3 Bb4 4. e3 O-O 5. Ne2 d5 6. a3 Be7 7. Ng3 c6 8. e4 dxe4 9. Ngxe4 b6 10. Be2 Bb7 11. Bf3 Nbd7 12. O-O Qc7 13. g3 Rad8 14. Qc2 e5 15. dxe5 Nxe5 16. Bg2 Qc8 17. c5 Ba6 18. Re1 Nd3 19. Bf4 Nxf4 20. gxf4 Bd3 21. Qb3 bxc5 22. Nxf6+ Bxf6 23. Qa4 c4 24. Qxc6 Qxc6 25. Bxc6 Rb8 26.
Na4 Rfc8 27. Be4 Bxb2 28. Nxb2 Rxb2 29. Rac1 Rd8 30. Bd5 g6 31. Bxc4 Rd4 32. Bxd3 Rxd3 33. Rc7 Rf3 34. Rxa7 Rfxf2 35. Re4 Rg2+ 36. Kf1 Rxh2 37.
Kg1 Rhc2 38. Re1 Ra2 39. a4 Kg7 40. Rd1 Rc4 41. Rf1 Rcxa4 42. Rxa4 Rxa4 43. f5 Rg4+ 44. Kh2 f6 45. Kh3 Rg5 46. fxg6 hxg6 47. Rd1 f5 48. Rd6 Rg4 49. Rb6 Kh6 50. Ra6 Kg5 51. Rb6 Rh4+ 52. Kg3 Rd4 53. Kf3 Rd3+ 54. Ke2 Ra3 55. Kf2 Kh5 56.
Kg2 g5 57. Rb5 f4 58. Rb8 Kg4 59. Rb2 Rg3+ 60. Kf2 Rh3 61. Kg2 f3+ 62. Kg1 Rh8 63. Rb5 Rc8 64. Kf2 Rc2+ 65. Ke3 Re2+ 66. Kd3 Re8 67.
Rb1 f2 0-1

[Event "*** Titled Tuesday 3|2 Blitz"]
[Site "Chess.com"]
[Date "2016.03.01"]
[Round "8"]
[White "jcgs1030"]
[Black "Titus369"]
[Result "1-0"]
[WhiteElo "2217"]
[BlackElo "2223"]
[TimeControl "180+2"]
[EndTime "18:39:11 PST"]
[Termination "jcgs1030 won by resignation"]

1. e4 c5 2. Nf3 d6 3. Bb5+ Nd7 4. d4 cxd4 5. Qxd4 a6 6. Bxd7+ Bxd7 7. Nc3 e5 8. Qd3 Nf6 9. Bg5 Bc6 10. O-O-O Be7 11.
Bxf6 gxf6 12. Nh4 Qd7 13. Nf5 O-O-O 14. Nd5 Bxd5 15. Qxd5 Bf8 16. f3 Rg8 17. g4 Qe6 18.
h4 Rd7 19. h5 Qxd5 20. Rxd5 Kc7 21. c3 Be7 22. Kc2 Rgd8 23. Rhd1 Bf8 24. R5d3 Kc6 25. Ne3 Be7 26. Nd5 b5 27. Rh1 Kb7 28. h6 Kc6 29.
Rh5 Rg8 30. Rd1 Rg6 31. Rdh1 Bd8 32. Rf5 Kb7 33. b3 Kc6 34. Rfh5 Rb7 35. Rg1 Rd7 36. f4 Bb6 37. Rg2 exf4 38. Nxf4 Rg5 39. Nd5 Bd8 40.
Ne3 Re7 41. Kd3 Re8 42. Nf5 Reg8 43. Rxg5 Rxg5 44. Ke3 Rg8 45. Kf3 Kd7 46. Rd2 Bc7 47. c4 bxc4 48. bxc4 Rd8 49. c5 Kc6 50. cxd6 Bxd6 51.
Rc2+ Kb6 52. Ne3 Be5 53. Nd5+ Kb7 54. Rg2 Rg8 55. Rg1 Rc8 56. g5 Rc2 57. gxf6 Rh2 58. Rg7 Rxh6 59. Rxf7+ Kc6 60. Kg4 Bd6 61. Kf5 Rh5+ 62.
Kg4 Rh6 63. Rg7 Rh1 64. Kf5 Rh5+ 65. Rg5 Rh2 66. f7 Rf2+ 67. Ke6 Bc5 68. Rf5 Rxf5 69. exf5 h5 70. Ne7+ 1-0

[Event "*** Titled Tuesday 3|2 Blitz"]
[Site "Chess.com"]
[Date "2016.03.01"]
[Round "8"]
[White "MMSANCHEZ"]
[Black "Zazuliak"]
[Result "1/2-1/2"]
[WhiteElo "2263"]
[BlackElo "2325"]
[TimeControl "180+2"]
[EndTime "18:40:31 PST"]
[Termination "Game drawn by agreement"]

1. d4 Nf6 2. Nf3 g6 3. c4 Bg7 4.
Nc3 O-O 5. e4 d6 6. h3 Na6 7. Bg5 h6 8. Be3 e5 9. d5 Nc5 10. Nd2 a5 11. Be2 Ne8 12. Nb3 b6 13. Nxc5 bxc5 14. Qd2 Kh7 15. g4 Bd7 16. O-O-O a4 17.
h4 Qe7 18. f3 Rb8 19. Bd3 Qd8 20. Nb5 Bxb5 21. cxb5 Ra8 22. a3 Qb8 23. Rdg1 Qb6 24.
Kb1 Qb7 25. h5 g5 26. Bxg5 hxg5 27. Qxg5 Qc8 28. h6 Bh8 29. Qh5 Qd7 30. g5 Rg8 31. f4 exf4 32. e5+ Rg6 33. e6 Qe7 34. Re1 Be5 35. exf7 Qxf7 36. Rhf1 c4 37. Rxf4 Qg8 38. Bxg6+ Qxg6+ 39.
Qxg6+ Kxg6 40. Rf8 Rb8 41. b6 cxb6 42. Rxe5 dxe5 43. d6 Rd8 44. d7 Rxd7 45. Rxe8 Kxg5 46. Rxe5+ Kf4 47. Re6 b5 48. Rb6 Rd5 49. Kc2 Rh5 50.
Kc3 Rh3+ 51. Kd4 Rb3 52. h7 Rh3 53. Rxb5 Rxh7 54. Kxc4 Ke4 55. Kb4 Ra7 56. Rb8 Kd5 57. Rb5+ Kc6 58. Rc5+ Kd6 59. Rc2 Ra8 60. Rd2+ Kc6 61.
Rc2+ Kd6 62. Rc5 Rb8+ 63. Rb5 Ra8 64. Ra5 Rb8+ 65. Kc3 Rc8+ 66. Kd3 Rb8 67. Kc2 Rc8+ 68. Kb1 Rc4 69. Ka2 Kc6 70. Rh5 Kb6 71. Rh6+ Kb5 72.
Rh5+ Kb6 73. Rh2 Kb5 74. b3 axb3+ 75. Kxb3 Rc5 76. Rh6 Ka5 77. Rh8 Rb5+ 78. Ka2 Ka6 79. a4 Rb4 80. Ka3 Rb1 81. Rh6+ Ka5 82. Rh5+ Ka6 83.
Rh6+ Ka5 84. Rh8 Ra1+ 85. Kb3 Rb1+ 86. Kc4 Rb4+ 87. Kc5 Kxa4 88. Ra8+ Kb3 89. Ra5 1/2-1/2

[Event "*** Titled Tuesday 3|2 Blitz"]
[Site "Chess.com"]
[Date "2016.03.01"]
[Round "9"]
[White "kikydu96"]
[Black "Goala"]
[Result "0-1"]
[WhiteElo "2270"]
[BlackElo "2248"]
[TimeControl "180+2"]
[EndTime "18:46:47 PST"]
[Termination "Goala won by resignation"]

1. e4 e6 2. d4 d5 3. Nd2 Nf6 4. e5 Nfd7 5. c3 c5 6. Bd3 Nc6 7. Ne2 cxd4 8. cxd4 f6 9. exf6 Nxf6 10. Nf3 Bd6 11. O-O Qc7 12. Bg5 O-O 13. Bh4 Nh5 14. Qc2 h6 15. Bh7+ Kh8 16. Bg6 Rxf3 17. Bxh5 Rf5 18. Bg6 Bxh2+ 19. Kh1 Bd6 20. Bxf5 exf5 21. Qd3 Qf7 22. Bg3 f4 23. Bxf4 Bxf4 24. Qf3 g5 25. g3 Bf5 26. Kh2 Be4 27. Qg4 Bf5 28.
Qf3 Be4 29. Qg4 h5 30. Qh3 g4 31. Qh4 Bh6 32. Nf4 Bxf4 33. gxf4 Qxf4+ 34. Kg1 Nxd4 35. Qxh5+ Kg7 36. f3 Qg3+ 37. Kh1 Bxf3+ 38. Rxf3 Qxf3+ 39. Kg1 Ne2+ 0-1